 Dungeon Crawl Stone Soup version 0.23-a0-767-gdc19b93 (console) character file.

13 Duffy the Firebug (level 2, 10/19 HPs)
             Began as a Demonspawn Fire Elementalist on Jan 19, 2019.
             Was an Initiate of Dithmenos.
             Quit the game on level 2 of the Dungeon.
             The game lasted 00:00:41 (443 turns).

Duffy the Firebug (Demonspawn Fire Elementalist)     Turns: 443, Time: 00:00:42

Health: 10/19      AC:  3    Str:  8    XL:     2   Next: 24%
Magic:  2/5        EV: 12    Int: 16    God:    Dithmenos [......]
Gold:   67         SH:  0    Dex: 13    Spells: 4/5 levels left

rFire    . . .     SeeInvis .   (no weapon)
rCold    . . .     Gourm    .   (no shield)
rNeg     . . .     Faith    .   a - +0 robe
rPois    .         Spirit   .   (no helmet)
rElec    .         Reflect  .   b - +0 cloak (curse)
rCorr    .         Harm     .   (no gloves)
MR       .....                  (no boots)
Stlth    ++........             (no amulet)
HPRegen  0.06/turn              (no ring)
MPRegen  0.09/turn              (no ring)

@: no status effects
A: hooves 1
a: Renounce Religion


You were on level 2 of the Dungeon.
You worshipped Dithmenos.
Dithmenos was noncommittal.
You were not hungry.

You visited 1 branch of the dungeon, and saw 2 of its levels.

You collected 67 gold pieces.

Inventory:

Armour
 a - a +0 robe (worn)
 b - a cursed +0 cloak (worn)
Scrolls
 d - a scroll of remove curse {unknown}
Comestibles
 c - 2 rations


   Skills:
 - Level 1.7 Dodging
 - Level 1.7 Stealth
 - Level 2.0 Spellcasting
 * Level 2.3 Conjurations
 - Level 2.6 Fire Magic


You had 4 spell levels left.
You knew the following spells:

 Your Spells              Type           Power        Failure   Level  Hunger
h - Flame Tongue          Conj/Fire      #....        8%          1    #......

Your spell library contained the following spells:

 Spells                   Type           Power        Failure   Level  Hunger
 Throw Flame              Conj/Fire      #.....       11%         2    ###....
 Conjure Flame            Conj/Fire      #.......     22%         3    ###....
 Inner Flame              Hex/Fire       #.......     34%         3    ###....
 Sticky Flame             Conj/Fire      #.......     58%         4    #####..
 Fireball                 Conj/Fire      #.........   90%         5    ######.


Dungeon Overview and Level Annotations

Branches:
Dungeon (2/15)

Altars:
Dithmenos


Innate Abilities, Weirdness & Mutations

You have large cloven feet.


Message History

Aiming: Flame Tongue (safe; 8% risk of failure)
Press: ? - help, Shift-Dir - straight line, f/p - frilled lizard
Aim: a frilled lizard The flame tongue hits the frilled lizard.
You kill the frilled lizard!
Casting: Flame Tongue (safe; 8% risk of failure)
Confirm with . or Enter, or press ? or * to list all spells.
You don't have enough magic to cast that spell.
Casting: Flame Tongue (safe; 8% risk of failure)
Confirm with . or Enter, or press ? or * to list all spells.
You don't have enough magic to cast that spell.
Found a whip.
A kobold comes into view. It is wielding a +0 whip.
Found a leather armour.
Found a shadowy altar of Dithmenos.
A worm comes into view.
There is a shadowy altar of Dithmenos here.
You kneel at the altar of Dithmenos.
Dithmenos welcomes you!
Are you sure you want to abandon this character and quit the game? (Confirm with "yes".)

###### #....#
#....#########
#._@.w........
#..0...########
#....###..)....#
....####
#[......# ####
#.......#
#.......#
#.......##
#........#
#........##


You could see a worm (wandering).

Vanquished Creatures
  3 bats (D:1)
  A giant cockroach (D:2)
  3 goblins
  A hobgoblin (D:1)
  A frilled lizard (D:2)
  2 kobolds
11 creatures vanquished.

Notes
Turn   | Place    | Note
-------+----------+-------------------------------------------
     0 | D:1      | Duffy the Demonspawn Fire Elementalist began the quest for
                  | the Orb.
     0 | D:1      | Reached XP level 1. HP: 13/13 MP: 3/3
   375 | D:1      | Gained mutation: You have large cloven feet. [demonic
                  | ancestry]
   375 | D:1      | Reached XP level 2. HP: 19/19 MP: 3/5
   433 | D:2      | Found a shadowy altar of Dithmenos.
   441 | D:2      | Became a worshipper of Dithmenos the Shadowed
   443 | D:2      | Quit the game

Vault maps used:
D:1:      kennysheep_arrival_forest, supply_closet_lemuel,
          minmay_misc_feat_rugged, skrybe_limestone_x, roderic_roman_lattice,
          minmay_tree_intersection
D:2:      grunt_dithmenos_smoke

Skill      XL: |  1 |
---------------+----+-----
Conjurations   | 2 |  2.3
Dodging        | |  1.7
Stealth        | |  1.7
Spellcasting   | |  2.0
Fire Magic     | |  2.6

Action                   || total
-------------------------++-------
Melee: Unarmed           ||    16
       Kick              ||     3
 Cast: Flame Tongue      ||    16
Armor: Robe              ||     8
Dodge: Dodged            ||    15

Table legend:
 A = Non-vault XP
 B = Vault XP
 C = Vault XP percentage of total XP
 D = Non-vault monster count
 E = Vault monster count
 F = Vault count percentage of total count
                 A         B        C        D         E       F
            +---------+---------+-------+---------+---------+-------
      Total |      19 |       0 |   0.0 |      11 |       0 |   0.0
            +---------+---------+-------+---------+---------+-------
        D:1 |      13 |       0 |   0.0 |       7 |       0 |   0.0
        D:2 |       6 |       0 |   0.0 |       4 |       0 |   0.0
            +---------+---------+-------+---------+---------+-------
